 Dungeon Crawl Stone Soup version 0.22.1-1-ga44c0e5 (webtiles) character file.

12103 Zebedee the Spear-Bearer (level 12, -28/94 HPs)
             Began as a Formicid Abyssal Knight on Oct 3, 2018.
             Was a High Priest of Lugonu.
             Annihilated by a white ugly thing (33 damage)
             ... in an ice cave.
             The game lasted 00:50:51 (17726 turns).

Zebedee the Spear-Bearer (Formicid Abyssal Knight) Turns: 17726, Time: 00:50:52

Health: -28/94     AC: 16    Str: 26    XL:     12   Next: 16%
Magic:  8/15       EV: 10    Int: 12    God:    Lugonu [*****.]
Gold:   663        SH:  0    Dex: 10    Spells: 11/11 levels left

rFire    . . .     SeeInvis +   a - +2 trident (venom)
rCold    . . .     Gourm    .   (no shield)
rNeg     . . .     Faith    +   A - +3 scale mail
rPois    .         Spirit   .   (helmet unavailable)
rElec    .         Reflect  .   b - +1 cloak
rCorr    .         Harm     .   (no gloves)
MR       ++...                  w - +0 pair of boots
Stlth    ..........             t - amulet of faith
HPRegen  0.25/turn              g - ring of protection from magic
MPRegen  0.14/turn              h - +1 ring of protection (curse)

@: no status effects
A: permanent stasis, dig shafts and tunnels, four strong arms, antennae 3,
hooves 1, low mp 1, strong 2
a: Dig, Shaft Self, Depart the Abyss, Bend Space, Banish, Corrupt, Enter the
Abyss, Renounce Religion


You were in an ice cave.
You worshipped Lugonu.
Lugonu was extremely pleased with you.
You were not hungry.

You visited 1 branch of the dungeon, and saw 11 of its levels.
You visited the Abyss 1 time.
You also visited: Ice Cave.

You collected 663 gold pieces.

Inventory:

Hand Weapons
 a - a +2 trident of venom (weapon)
 C - a +0 morningstar of flaming
Missiles
 j - 284 stones (quivered)
Armour
 b - a +1 cloak (worn)
 n - a scarf of cloud immunity
 w - a +0 pair of boots (worn)
 y - a +0 cloak
 A - a +3 scale mail (worn)
Jewellery
 g - a ring of protection from magic (left hand)
 h - a cursed +1 ring of protection (right hand)
 r - an uncursed ring of resist corrosion
 s - an uncursed amulet of the acrobat
 t - an amulet of faith (around neck)
 u - an uncursed amulet of the gourmand {unknown}
Wands
 o - a wand of acid (4)
 q - a wand of enslavement (7)
 E - a wand of scattershot (3)
Scrolls
 f - a scroll of magic mapping
 i - a scroll of remove curse
 k - 2 scrolls of fear
 l - a scroll of amnesia {unknown}
 m - 8 scrolls of identify
 x - a scroll of fog
Potions
 d - a potion of curing
 e - 3 potions of lignification
 v - a potion of heal wounds
 z - a potion of berserk rage {unknown}
 B - a potion of cancellation
 F - a potion of invisibility {unknown}
Comestibles
 c - 19 rations
 p - 23 chunks of flesh


   Skills:
 + Level 8.3 Fighting
 + Level 13.4 Polearms
 + Level 9.6 Armour
 - Level 0.8 Dodging
 * Level 7.5 Invocations


You had 11 spell levels left.
You didn't know any spells.
Your spell library contained the following spells:

 Spells                   Type           Power        Failure   Level  Hunger
 Magic Dart               Conj           #...         54%         1    ##.....
 Sandblast                Erth           #.....       54%         1    ##.....
 Passwall                 Tmut/Erth      #.......     69%         2    ###....
 Searing Ray              Conj           #.....       69%         2    ###....
 Dazzling Spray           Conj/Hex       #.....       89%         3    ####...
 Stone Arrow              Conj/Erth      #.....       89%         3    ####...
 Force Lance              Conj/Tloc      #.......     100%        4    #####..
 Fulminant Prism          Conj/Hex       #.........   100%        4    #####..
 Iskenderun's Mystic Bla  Conj           #.......     100%        4    #####..
 Petrify                  Tmut/Erth      #.......     100%        4    #####..
 Lee's Rapid Deconstruct  Erth           #.........   100%        5    ######.


Dungeon Overview and Level Annotations

Branches:
Dungeon (11/15)            Temple (0/1) D:6            Lair (0/6) D:8
    Orc: D:9-12

Altars:
Cheibriados
Fedhas
Gozag
Trog
Vehumet
Wu Jian
Xom

Shops:
D:5 *   D:9 *

Annotations:
D:3 exclusion: downstairs
D:4 exclusion: downstairs
D:5 exclusion: downstairs
D:7 exclusion: oklob plant
D:8 exclusion: 2 downstairs


Innate Abilities, Weirdness & Mutations

You cannot be hasted, slowed, berserked, paralysed or teleported.
You can dig through walls and to a lower floor.
Your four strong arms can wield two-handed weapons with a shield.
You have a pair of large antennae on your head. (SInv)
You have large cloven feet.
Your magical capacity is low. (-10% MP)
Your muscles are very strong. (Str +4)


Message History

The white ugly thing is almost dead.
The white ugly thing barely misses you.
The ice beast hits you but does no damage.
You closely miss the white ugly thing.
The white ugly thing is almost dead.
The white ugly thing claws you. The white ugly thing freezes you!!
* * * LOW HITPOINT WARNING * * *
You barely miss the white ugly thing.
The white ugly thing is almost dead.
The ice beast hits you but does no damage.
The white ugly thing claws you but does no damage.
You puncture the white ugly thing!
The white ugly thing is poisoned.
The white ugly thing is almost dead.
The ice beast barely misses you.
You barely miss the white ugly thing.
The white ugly thing is almost dead.
The white ugly thing claws you!
* * * LOW HITPOINT WARNING * * *
The white ugly thing freezes you!!
You die...

#.....
#.....
#.....
..... { ...
{
#####.#####
#()......)#
#$...Yu...#
#)....@...#
#.........#
#.........#
##.......##
##.....##
###.###
##.....##
##.......##
#....∩....#


You could see a white ugly thing and an ice beast.

Vanquished Creatures
  Harold (D:7)
  2 two-headed ogres
  An unseen horror (D:10)
  Pikel (D:6)
  Joseph (D:7)
  A hornet (D:8)
  2 trolls
  2 hippogriffs
  Grinder (D:6)
  2 wyverns
  Eustachio (D:4)
  11 yaks
  A human (D:7)
  4 hogs (D:7)
  A steam dragon (D:10)
  A water moccasin (D:8)
  9 ice beasts
  6 orc warriors
  2 phantoms
  An eye of draining (D:9)
  2 ogres
  6 centaurs
  2 big kobolds
  3 bullfrogs
  2 scorpions
  15 killer bees
  A howler monkey (D:7)
  3 crimson imps
  3 jellies
  2 centaur zombies
  12 orc wizards
  3 hounds
  7 orc priests
  A bullfrog skeleton (D:9)
  A centaur skeleton (D:7)
  4 iguanas
  8 worker ants
  2 hound skeletons
  2 worker ant zombies (D:5)
  7 adders
  2 gnolls
  An ooze (D:1)
  An adder skeleton (D:7)
  A worm (D:6)
  2 dart slugs (D:2)
  7 leopard geckos
  47 orcs
  9 bats
  6 giant cockroaches
  10 goblins
  5 hobgoblins
  11 jackals
  11 kobolds
  2 quokkas
  3 ball pythons
  7 frilled lizards
  A leopard gecko skeleton (D:6)
  A quokka skeleton (D:9)
  6 rats
  A fungus (D:7)
271 creatures vanquished.

Vanquished Creatures (collateral kills)
  A howler monkey (D:4)
1 creature vanquished.

Vanquished Creatures (others)
  3 slaves (D:6)
  A centaur (D:6)
  A hound (D:6)
  An orc wizard (D:8)
  A hound zombie (D:6)
7 creatures vanquished.

Grand Total: 279 creatures vanquished

Notes
Turn   | Place    | Note
-------+----------+-------------------------------------------
     0 | Abyss:1  | Zebedee the Formicid Abyssal Knight began the quest for the
                  | Orb.
     0 | Abyss:1  | Reached XP level 1. HP: 18/18 MP: 2/2
    10 | Abyss:1  | Found a corrupted altar of Lugonu.
    44 | Abyss:1  | Found a corrupted altar of Lugonu.
    50 | Abyss:1  | Noticed a small abomination
    88 | Abyss:1  | Noticed a vampire
   124 | Abyss:4  | Found a corrupted altar of Lugonu.
   141 | Abyss:4  | Noticed a tentacled starspawn
   149 | Abyss:4  | Noticed a fire elemental
   150 | D:1      | Escaped the Abyss
   285 | D:1      | Reached XP level 2. HP: 25/25 MP: 3/3
   562 | D:1      | Reached * piety under Lugonu
   704 | D:1      | Reached XP level 3. HP: 30/30 MP: 4/4
  1241 | D:2      | Reached XP level 4. HP: 34/37 MP: 5/5
  1393 | D:2      | Noticed a phantom
  1454 | D:2      | Reached ** piety under Lugonu
  1833 | D:2      | Reached skill level 3 in Polearms
  2505 | D:3      | Reached XP level 5. HP: 43/43 MP: 6/6
  2880 | D:4      | Noticed an ogre
  2922 | D:4      | Reached skill level 4 in Polearms
  2922 | D:4      | Reached XP level 6. HP: 10/49 MP: 7/7
  2931 | D:4      | HP: 2/49 [poisoned by a worker ant]
  2934 | D:3      | Gained mutation: Your body sometimes deteriorates upon
                  | taking damage. [potion of mutation]
  2934 | D:3      | Gained mutation: You are partially covered in icy blue
                  | scales. (AC +2) [potion of mutation]
  2936 | D:3      | HP: 2/73 [poisoned by a worker ant]
  3304 | D:4      | Noticed Eustachio
  3329 | D:4      | Killed Eustachio
  3329 | D:4      | Reached skill level 5 in Polearms
  3516 | D:4      | Found a shimmering altar of Xom.
  3554 | D:4      | Reached XP level 7. HP: 55/55 MP: 8/8
  3876 | D:4      | Reached skill level 6 in Polearms
  4386 | D:5      | Entered Level 5 of the Dungeon
  4707 | D:5      | Reached skill level 7 in Polearms
  4826 | D:5      | Found Tavaxug's Assorted Antiques.
  5290 | D:5      | Reached XP level 8. HP: 34/61 MP: 9/9
  5859 | D:6      | Found a staircase to the Ecumenical Temple.
  5873 | D:6      | Noticed Grinder
  5891 | D:6      | Reached *** piety under Lugonu
  5906 | D:6      | Reached skill level 8 in Polearms
  5944 | D:6      | Noticed Pikel
  5967 | D:6      | Killed Pikel
  5967 | D:6      | Reached skill level 9 in Polearms
  6026 | D:6      | Reached XP level 9. HP: 48/66 MP: 10/10
  6277 | D:6      | Reached skill level 10 in Polearms
  7292 | D:6      | Killed Grinder
  7555 | D:7      | Found a snail-covered altar of Cheibriados.
  7755 | D:7      | Reached skill level 11 in Polearms
  8009 | D:7      | Reached **** piety under Lugonu
  8372 | D:7      | Reached skill level 5 in Armour
  8903 | D:6      | Reached skill level 5 in Fighting
  9156 | D:7      | Noticed Joseph
  9320 | D:7      | Killed Joseph
  9320 | D:7      | Reached XP level 10. HP: 44/74 MP: 11/11
  9618 | D:7      | Found a bloodstained altar of Trog.
  9619 | D:7      | Found an opulent altar of Gozag.
  9620 | D:7      | Found a radiant altar of Vehumet.
  9620 | D:7      | Found an ornate altar of the Wu Jian Council.
  9751 | D:7      | Noticed Harold
  9776 | D:7      | Killed Harold
 10287 | D:7      | Reached skill level 12 in Polearms
 10529 | D:7      | Found a blossoming altar of Fedhas.
 10552 | D:7      | Noticed an oklob plant
 10593 | D:7      | HP: 2/76 [acid (7)]
 11667 | D:8      | Lost mutation: Your body sometimes deteriorates upon taking
                  | damage. [potion of mutation]
 11667 | D:8      | Lost mutation: You are partially covered in icy blue
                  | scales. (AC +2) [potion of mutation]
 11667 | D:8      | Gained mutation: You occasionally shout uncontrollably at
                  | your foes. [potion of mutation]
 11667 | D:8      | Gained mutation: You expend magic power (3 MP) to
                  | strengthen your wands. [potion of mutation]
 11667 | D:8      | Gained mutation: You have large cloven feet. [potion of
                  | mutation]
 12304 | D:8      | Reached skill level 5 in Invocations
 12304 | D:8      | Reached XP level 11. HP: 71/83 MP: 14/14
 12312 | D:8      | Lost mutation: You occasionally shout uncontrollably at
                  | your foes. [potion of mutation]
 12312 | D:8      | Lost mutation: You expend magic power (3 MP) to strengthen
                  | your wands. [potion of mutation]
 12312 | D:8      | Gained mutation: Your muscles are strong. (Str +2) [potion
                  | of mutation]
 12312 | D:8      | Gained mutation: Your magical capacity is low. (-10% MP)
                  | [potion of mutation]
 12312 | D:8      | Gained mutation: Your muscles are very strong. (Str +4)
                  | [potion of mutation]
 12538 | D:8      | Found a staircase to the Lair.
 12605 | D:9      | Found Utaner's Demolitions Depot.
 12605 | D:9      | Noticed a two-headed ogre
 13919 | D:9      | Killed a two-headed ogre
 14937 | D:10     | Entered Level 10 of the Dungeon
 15216 | D:10     | Reached ***** piety under Lugonu
 15250 | D:10     | Noticed an unseen horror
 15286 | D:10     | Killed an unseen horror
 15286 | D:10     | Reached skill level 13 in Polearms
 15549 | D:10     | Noticed a two-headed ogre
 15565 | D:10     | Killed a two-headed ogre
 16944 | D:10     | Reached XP level 12. HP: 72/92 MP: 15/15
 17552 | D:11     | Found a frozen archway.
 17669 | IceCv    | Entered an ice cave
 17726 | IceCv    | Annihilated by a white ugly thing

Skill      XL: |  1  2  3  4  5  6  7  8  9 10 11 |
---------------+----------------------------------+-----
Fighting       | 4 5 6 8 |  8.3
Armour         | 3 5 7 9 |  9.6
Polearms       | 3 4 5 7 9 11 12 13 | 13.4
Invocations    | 5 7 |  7.5
Dodging        | |  0.8

Action                   |  1- 3 |  4- 6 |  7- 9 | 10-12 || total
-------------------------+-------+-------+-------+-------++-------
Melee: Spear             |   124 |   193 |    13 |       ||   330
       Trident           |       |       |   526 |   742 ||  1268
Throw: Stone             |       |     3 |    11 |     2 ||    16
Invok: Depart the Abyss  |     1 |       |       |       ||     1
       Bend Space        |       |       |     2 |     2 ||     4
       Banish            |       |       |       |     2 ||     2
Evoke: Wand              |       |     5 |       |     8 ||    13
  Use: Potion            |       |     6 |     1 |     9 ||    16
       Scroll            |       |       |     7 |     6 ||    13
  Eat: Chunk             |     1 |     8 |    15 |    20 ||    44
       Ration            |       |       |     1 |     2 ||     3
Armor: Leather armour    |    17 |       |       |       ||    17
       Ring mail         |    14 |    50 |   138 |       ||   202
       Scale mail        |       |       |       |   242 ||   242
Dodge: Dodged            |    58 |    88 |   168 |   255 ||   569
